 Dungeon Crawl Stone Soup version 0.30.1-9-gdf580d7c3d (webtiles) character file.

Game seed: 17502224370552998063

22 Zonian the Chiller (level 2, -3/15 HPs)
             Began as a Deep Elf Ice Elementalist on Oct 15, 2023.
             Slain by a worm (7 damage)
             ... on level 2 of the Dungeon.
             The game lasted 00:01:47 (1142 turns).

Zonian the Chiller (Deep Elf Ice Elementalist)      Turns: 1142, Time: 00:01:48

Health: -3/15      AC:  2    Str:  5    XL:     2   Next: 68%
Magic:  6/8        EV: 13    Int: 19    God:
Gold:   41         SH:  0    Dex: 15    Spells: 6/7 levels left

rFire   . . .        e - +0 dagger
rCold   . . .        (no shield)
rNeg    . . .        a - +0 robe
rPois   .            (no helmet)
rElec   .            (no cloak)
rCorr   .            (no gloves)
SInv    .            (no boots)
Will    .....        (no amulet)
Stlth   ++           (no ring)
HPRegen 0.22/turn    (no ring)
MPRegen 0.11/turn

%: no passive effects
@: no status effects
A: no striking features
a: no special abilities


You were on level 2 of the Dungeon.
You visited 1 branch of the dungeon, and saw 2 of its levels.

You collected 41 gold pieces.

Inventory:

Hand Weapons
 e - a +0 dagger (weapon)
Armour
 a - a +0 robe (worn)
 f - a +0 leather armour
Scrolls
 c - a scroll of magic mapping {unknown}
 g - a scroll of teleportation {unknown}
 h - a scroll of enchant armour {unknown}
Potions
 b - a potion of magic
 d - a potion of attraction {unknown}


   Skills:
 + Level 2.9 Dodging
 + Level 3.0 Stealth
 + Level 3.4 Spellcasting
 + Level 4.6 Ice Magic


You had 6 spell levels left.
You knew the following spells:

 Your Spells              Type           Power      Damage    Failure   Level
a - Freeze                Ice            80%        1d9       2%          1

Your spell library contained the following spells:

 Spells                   Type           Power      Damage    Failure   Level
 Frozen Ramparts          Ice            40%        1d7       6%          3
 Ozocubu's Armour         Ice            20%        N/A       6%          3
 Summon Ice Beast         Ice/Summ       12%        N/A       50%         4


Dungeon Overview and Level Annotations

Branches:
Dungeon (2/15)

Altars:


Message History

a +0 short sword; a kobold skeleton You see here a +0 mace.
Done exploring.
Unknown command.
Done exploring.
Done exploring.
Unknown command.
(D) Dungeon
Where to? (? - help)
You see here a +0 mace.
There is a stone staircase leading down here.
You climb downwards.
Found a stone staircase leading down.
There is a stone staircase leading up here.
A worm is nearby!
Unknown command.
The helpless worm fails to defend itself.
You puncture the worm!
The worm is severely wounded.
The worm bites you!
Ouch! That really hurt!
* * * LOW HITPOINT WARNING * * *
Unknown command.
Casting: Freeze (safe; 2% risk of failure)
Confirm with . or Enter, or press ? or * to list all spells.
Aiming: Freeze (safe; 2% risk of failure)
Press: ? - help, Shift-Dir - straight line, f - worm
Aim: a worm (severely wounded)
You freeze the worm.
The worm is almost dead.
Unknown command.
Casting: Freeze (safe; 2% risk of failure)
Confirm with . or Enter, or press ? or * to list all spells.
Aiming: Freeze (safe; 2% risk of failure)
Press: ? - help, Shift-Dir - straight line, f/p - worm
Aim: a worm (almost dead)
You freeze the worm.
The worm is almost dead.
The worm bites you!
You die...

#..# #..# #..#
#..# #..# #..#
#########..#
#.....@...<#
#.#..w....>...#
#.#####.##..# #
#.# ..# #.# .#
#.# .# #.. .
### ##


You could see a worm.

Vanquished Creatures
  2 ball pythons (D:1)
  2 endoplasms (D:1)
  A giant cockroach (D:1)
  3 goblins (D:1)
  2 hobgoblins (D:1)
  4 kobolds (D:1)
  A quokka (D:1)
  4 rats (D:1)
19 creatures vanquished.

Notes
Turn   | Place    | Note
-------+----------+-------------------------------------------
     0 | D:1      | Zonian the Deep Elf Ice Elementalist began the quest for
                  | the Orb.
     0 | D:1      | Reached XP level 1. HP: 10/10 MP: 6/6
   487 | D:1      | Reached XP level 2. HP: 15/15 MP: 4/8
   719 | D:1      | Found a faded altar of an unknown god.
  1142 | D:2      | Slain by a worm

Illustrated notes

Levels and vault maps discovered:
D:1:      giann_wishing_wells, layout_loops_ring, basic_ecumenical_altar
D:2:      minmay_diamond_boxcup, layout_loops_ring, serial_shops,
          nicolae_shop_drivethru, uniq_crazy_yiuf_cottage, uniq_terence

Skill      XL: |  1  2 |
---------------+-------+-----
Stealth        | 3 |  3.0
Dodging        | |  2.9
Spellcasting   | |  3.4
Ice Magic      | |  4.6

Action                     || total
---------------------------++-------
  Melee: Dagger            ||    14
   Cast: Freeze            ||    22
   Stab: Sleeping          ||     2
 Armour: Robe              ||     9
  Dodge: Dodged            ||    12
